 Dungeon Crawl Stone Soup version 0.31.0-11-ge490571c62 (webtiles) character file.

Game seed: 10499871327622920089

72 cdecastro the Firebug (level 4, -2/24 HPs)
             Began as a Deep Elf Fire Elementalist on Feb 7, 2024.
             Slain by an orc
             ... wielding a +0 whip
              (4 damage)
             ... on level 2 of the Dungeon on Feb 9, 2024.
             The game lasted 00:05:41 (2156 turns).

cdecastro the Firebug (Deep Elf Fire Elementalist)  Turns: 2156, Time: 00:05:41

Health: -2/24      AC:  2    Str:  5    XL:     4   Next: 6%
Magic:  8/10       EV: 12    Int: 22    God:
Gold:   117        SH:  0    Dex: 15    Spells: 3/9 levels left

rFire   . . .        (no weapon)
rCold   . . .        (no shield)
rNeg    . . .        a - +0 robe
rPois   .            (no helmet)
rElec   .            (no cloak)
rCorr   .            (no gloves)
SInv    .            (no boots)
Will    .....        (no amulet)
Stlth   ++           (no ring)
HPRegen 0.24/turn    (no ring)
MPRegen 0.12/turn

%: no passive effects
@: no status effects
A: no striking features
a: no special abilities


You were on level 2 of the Dungeon.
You visited 1 branch of the dungeon, and saw 3 of its levels.

You collected 117 gold pieces.

Inventory:

Armour
 a - a +0 robe (worn)
 h - a +0 pair of boots
Wands
 k - a wand of paralysis (7)
Scrolls
 e - a scroll of blinking {unknown}
 f - a scroll of torment {unknown}
 i - 2 scrolls of identify {unknown}
Potions
 b - a potion of magic
 c - a potion of haste {unknown}
 d - a potion of brilliance {unknown}
 g - a potion of degeneration {unknown}
 j - a potion of heal wounds {unknown}
 l - a potion of curing {unknown}


   Skills:
 - Level 2.4 Dodging
 - Level 2.4 Stealth
 - Level 3.0 Spellcasting
 - Level 1.1 Conjurations
 + Level 5.4 Fire Magic


You had 3 spell levels left.
You knew the following spells:

 Your Spells              Type           Power      Damage    Failure   Level
a - Foxfire               Conj/Fire      68%        2x1d7     3%          1
b - Scorch                Fire           54%        2d7       1%          2
c - Inner Flame           Hex/Fire       15%        N/A       12%         3

Your spell library contained the following spells:

 Spells                   Type           Power      Damage    Failure   Level
 Volatile Blastmotes      Fire/Tloc      30%        2d12      12%         3
 Flame Wave               Conj/Fire      17%        2d7       32%         4


Dungeon Overview and Level Annotations

Branches:
Dungeon (3/15)

Altars:
Ashenzari

Annotations:
D:2 Natasha


Message History

You climb upwards.
Level annotation: Natasha Reactivating autopickup.
There is a stone staircase leading down here.
You start resting.
HP restored.
You start resting.
Magic restored.
You climb downwards.
The orc hits you with a +0 flail! The orc hits you but does no damage.
The rat bites you. The orc hits you with a +0 flail.
* * * LOW HITPOINT WARNING * * *
There is a stone staircase leading up, spattered with blood here.
Unknown command.
The orc hits you with a +0 whip.
* * * LOW HITPOINT WARNING * * *
The rat barely misses you. The orc closely misses you.
You climb upwards.
Level annotation: Natasha
There is a stone staircase leading down here.
Unknown command.
Unknown command.
Unknown command.
Unknown command.
Casting: Foxfire (safe; 3% risk of failure)
Press: ? - help, Q - select action, (/) - cycle Dir - look around, f - activate You conjure some foxfire!
The orc barely misses you. The rat bites you.
* * * LOW HITPOINT WARNING * * *
The orc hits you with a +0 flail.
* * * LOW HITPOINT WARNING * * *
Casting: Foxfire (safe; 3% risk of failure)
Press: ? - help, Q - select action, (/) - cycle Dir - look around, f - activate You conjure some foxfire!
The foxfire hits the orc.
The orc is moderately wounded.
The foxfire hits the rat!
You kill the rat!
The orc hits you with a +0 whip.
You die...

####### #....# ..#
###
#.....####)...##..#.#
..#
##.#................#
#.#
#.#.....############
#.####.#.....#
.).....#.....########
#.######............#
..# ####....v....#
..# #....v@†..# ..#
#.....oo..# ..#
#.........# ).######
#.........# .......#
#.........# .......#
#.........# .......#
#.........# .......#
########### .......#


You could see 2 orcs.

Vanquished Creatures
  Natasha (D:2)
  A dart slug (D:1)
  A ribbon worm (D:2)
  2 orcs (D:3)
  5 endoplasms
  2 giant cockroaches
  4 hobgoblins
  4 jackals (D:1)
  4 quokkas
  2 ball pythons
  A bat (D:1)
  3 goblins
  6 kobolds
  2 rats (D:2)
38 creatures vanquished.

Vanquished Creatures (others)
  153 foxfires
153 creatures vanquished.

Grand Total: 191 creatures vanquished

Notes
Turn   | Place    | Note
-------+----------+-------------------------------------------
     0 | D:1      | cdecastro the Deep Elf Fire Elementalist began the quest
                  | for the Orb.
     0 | D:1      | Reached XP level 1. HP: 10/10 MP: 6/6
   217 | D:1      | Reached XP level 2. HP: 15/15 MP: 5/8
   266 | D:1      | Reached skill level 4 in Fire Magic
   639 | D:1      | You fall into a shaft and drop 1 floor!
   733 | D:2      | Learned a level 2 spell: Scorch
  1330 | D:2      | Reached XP level 3. HP: 19/19 MP: 3/9
  1417 | D:2      | Noticed Natasha
  1458 | D:2      | Killed Natasha
  1459 | D:2      | Reached skill level 5 in Fire Magic
  1805 | D:2      | Found a broken altar of Ashenzari.
  1994 | D:2      | Noticed Natasha
  2006 | D:2      | Learned a level 3 spell: Inner Flame
  2025 | D:3      | Reached XP level 4. HP: 24/24 MP: 5/10
  2155 | D:2      | HP: 1/24 [orc/+0 flail (4)]
  2156 | D:2      | Slain by an orc

Illustrated notes

Levels and vault maps discovered:
D:1:      dpeg_arrival_orchard, layout_basic, hex_intersection
D:2:      layout_basic, basic_altar, uniq_natasha
D:3:      layout_rooms, nicolae_tso_besieged_by_evil

Skill      XL: |  1  2  3 |
---------------+----------+-----
Fire Magic     | 4 5 |  5.4
Dodging        | |  2.4
Stealth        | |  2.4
Spellcasting   | |  3.0
Conjurations   | |  1.1

Action                     |  1- 3 |  4- 6 || total
---------------------------+-------+-------++-------
   Cast: Foxfire           |    75 |    10 ||    85
 Armour: Robe              |     5 |     9 ||    14
  Dodge: Dodged            |     4 |     3 ||     7
